 Dungeon Crawl Stone Soup version 0.18.1-47-g9310371 (console) character file.

1799 Kloppie the Basher (level 8, -2/63 HPs)
             Began as a Centaur Berserker on June 22, 2016.
             Was a Priest of Trog.
             Slain by a spriggan
             ... wielding a +0 short sword
              (6 damage)
             ... on level 5 of the Dungeon.
             The game lasted 00:08:27 (6061 turns).

Kloppie the Basher (Centaur Berserker)              Turns: 6061, Time: 00:08:28

Health: -2/63      AC: 10    Str: 19    XL:     8   Next: 83%
Magic:  8/8        EV:  9    Int:  6    God:    Trog [***...]
Gold:   250        SH:  4    Dex: 12    Spells: 0 memorised, 7 levels left

rFire  . . .     SeeInvis .     a - +0 flail
rCold  . . .     Gourm    .     p - +0 ring mail
rNeg   . . .     Faith    .     (no shield)
rPois  .         Spirit   .     (no helmet)
rElec  .         Dismiss  .     q - +2 cloak
rCorr  .         Reflect  +     k - +1 pair of gloves
SustAt .         Harm     .     (no barding)
MR     .....                    s - +4 amulet of reflection
Stlth  ..........               (no ring)
                                o - ring of flight

@: exhausted, slowed, not resistant to hostile enchantments, extremely
unstealthy
A: hooves 3, deformed body, speed 2, tough skin 3
a: Berserk, Trog's Hand, Burn Spellbooks, Renounce Religion, Evoke Flight


You were on level 5 of the Dungeon.
You worshipped Trog.
Trog was most pleased with you.
You were near starving.

You visited 1 branch of the dungeon, and saw 5 of its levels.

You collected 250 gold pieces.

Inventory:

Hand Weapons
 a - a +0 flail (weapon)
 g - a -2 eveningstar
 u - a +0 mace
Armour
 k - a +1 pair of gloves (worn)
 p - a +0 ring mail (worn)
 q - a +2 cloak (worn)
 x - a +0 shield
Jewellery
 o - a ring of flight (left hand)
 s - a +4 amulet of reflection (around neck)
Wands
 t - a wand of slowing (29/48)
Scrolls
 b - a scroll of enchant armour
 e - a scroll of fog
Potions
 d - a potion of cure mutation
 h - a potion of mutation
 j - a potion of haste
 m - 2 potions of lignification
 n - 2 potions of brilliance {unknown}
 r - a potion of cancellation {unknown}
 v - 2 potions of degeneration {unknown}
Comestibles
 c - 2 bread rations
 f - 3 royal jellies
 i - 2 meat rations
 l - 2 beef jerkies
 w - 7 chunks of flesh


   Skills:
 - Level 3.0 Fighting
 + Level 10.7 Maces & Flails
 - Level 1.3 Armour
 - Level 1.3 Dodging


You had 7 spell levels left.
You didn't know any spells.

Dungeon Overview and Level Annotations

Branches:
Dungeon (5/15)
 Temple: D:4-7

Altars:
Cheibriados
Fedhas
Makhleb
Nemelex Xobeh
Sif Muna
Xom


Innate Abilities, Weirdness & Mutations

You have hooves in place of feet.
Armour fits poorly on your strangely shaped body.
You cover ground very quickly.
You have extremely tough skin (AC +3).


Message History

The howler monkey hits you.
* * * LOW HITPOINT WARNING * * *
The howler monkey bites you but does no damage.
The spriggan hits you with a short sword!
* * * LOW HITPOINT WARNING * * *
You barely miss the spriggan.
The spriggan is lightly wounded.
The howler monkey hits you.
* * * LOW HITPOINT WARNING * * *
You block the howler monkey's attack. The spriggan barely misses you.
The howler monkey misses you.
The howler monkey bites you but does no damage.
You closely miss the spriggan.
You kick the spriggan, but do no damage.
The spriggan is lightly wounded.
The howler monkey hits you.
* * * LOW HITPOINT WARNING * * *
The howler monkey bites you but does no damage.
The spriggan hits you with a short sword.
You die...

♣.♣♣♣.♣
♣...♣.♣ ♣
♣♣.....♣ ♣♣♣
♣♣...).♣♣
♣♣♣♣..
♣...♣♣.♣
♣♣)♣.♣.
♣.♣♣♣♣)♣
♣♣♣...♣♣♣
♣(♣
♣.♣♣♣♣.♣.♣♣♣
♣i♣♣
♣♣.♣♣.♣..♣
♣♣@♣
♣♣...♣♣..♣
♣h♣
♣♣♣♣♣♣♣.♣
♣♣Z ..♣ 5♣
♣♣.♣ ♣. .♣
.♣ ♣ ♣. ♣.


You could see a spriggan, a howler monkey, a crimson imp and a quokka skeleton.

Vanquished Creatures
  The ghost of Krovax999 the Ruffian, an amateur TrMo of Qazlal (D:4)
  5 spriggans (D:5)
  A centaur (D:4)
  6 scorpions (D:4)
  A water moccasin skeleton (D:4)
  A howler monkey (D:5)
  A crimson imp (D:5)
  A centaur skeleton (D:4)
  An orc wizard (D:3)
  2 iguanas (D:4)
  3 worker ants
  A hound skeleton (D:4)
  2 gnolls (D:4)
  9 adders
  2 worms
  3 giant geckos
  13 orcs
  4 giant cockroaches
  2 goblins
  4 hobgoblins
  12 jackals
  A quokka (D:3)
  12 bats
  6 giant newts
  15 kobolds
  7 rats
116 creatures vanquished.

Vanquished Creatures (others)
  3 fungi (D:4)
3 creatures vanquished.

Grand Total: 119 creatures vanquished

Notes
Turn   | Place    | Note
--------------------------------------------------------------
     0 | D:1      | Kloppie the Centaur Berserker began the quest for the Orb.
     0 | D:1      | Reached XP level 1. HP: 19/19 MP: 1/1
   262 | D:1      | Reached skill level 3 in Maces & Flails
   593 | D:1      | Reached XP level 2. HP: 26/26 MP: 2/2
   989 | D:2      | Reached ** piety under Trog
   989 | D:2      | Reached XP level 3. HP: 25/31 MP: 3/3
  1219 | D:2      | Reached skill level 4 in Maces & Flails
  1324 | D:2      | Found a shimmering altar of Xom.
  1942 | D:3      | Reached XP level 4. HP: 37/38 MP: 4/4
  2094 | D:3      | Reached skill level 5 in Maces & Flails
  2288 | D:3      | Reached *** piety under Trog
  2302 | D:3      | Reached XP level 5. HP: 24/45 MP: 5/5
  3107 | D:4      | Reached skill level 6 in Maces & Flails
  3178 | D:4      | Noticed Krovax999's ghost (amateur TrMo)
  3254 | D:4      | Killed Krovax999's ghost
  3254 | D:4      | Reached XP level 6. HP: 51/51 MP: 6/6
  3310 | D:4      | Reached skill level 7 in Maces & Flails
  3682 | D:4      | Found a deep blue altar of Sif Muna.
  3744 | D:4      | Reached XP level 7. HP: 49/57 MP: 7/7
  3810 | D:4      | Found a snail-covered altar of Cheibriados.
  4578 | D:4      | Reached skill level 8 in Maces & Flails
  5587 | D:5      | Entered Level 5 of the Dungeon
  5588 | D:5      | Found a burning altar of Makhleb.
  5676 | D:5      | Found a blossoming altar of Fedhas.
  5678 | D:5      | Found a sparkling altar of Nemelex Xobeh.
  5735 | D:5      | Noticed a spriggan
  5756 | D:5      | Killed a spriggan
  5756 | D:5      | Reached skill level 9 in Maces & Flails
  5756 | D:5      | Reached XP level 8. HP: 21/63 MP: 8/8
  5942 | D:5      | Reached skill level 10 in Maces & Flails
  6061 | D:5      | Slain by a spriggan

Skill      XL: |  1  2  3  4  5  6  7  8 |
---------------+-------------------------+-----
Maces & Flails | 3 4 5 6 7 9 10 | 10.7
Fighting       | |  3.0
Armour         | |  1.3
Dodging        | |  1.3

Action                   |  1- 3 |  4- 6 |  7- 9 || total
-------------------------+-------+-------+-------++-------
Melee: Mace              |   103 |    28 |       ||   131
       Kick              |    13 |    35 |    43 ||    91
       Flail             |       |   113 |   236 ||   349
Invok: Berserk           |       |     3 |     2 ||     5
       Trog's Hand       |       |     2 |     2 ||     4
  Use: Scroll            |       |     7 |     5 ||    12
  Eat: Chunk             |     2 |     4 |     7 ||    13
       Meat ration       |       |     1 |       ||     1
Armor: Animal skin       |    20 |       |       ||    20
       Ring mail         |    45 |    86 |   101 ||   232
Dodge: Dodged            |    50 |    79 |    80 ||   209
Block: Other             |       |     5 |    41 ||    46
